AoeStats
← ccereal

Lombardia

509984698Analyzed
2v2 RM · 3d ago on Sep 28, 2026· 53m 56s· 4 players
Game mode
Random Map
Map size
Medium (4 player)
Population
200
Speed
Normal
Resources
Standard
Victory
Conquest
Starting age
Dark Age
Ending age
Imperial Age
RankedLock teamsTeams togetherTeam positionsShared explorationLock speedFull tech treeHidden civsTurbo modeCheats
Victory
Defeat
🇺🇸 Varangians · United States
1738
+9
🇺🇸 Mongols · United States
1599
+14
🇫🇷 Mongols · France
1613
-13
🇫🇷 Vietnamese · France
1526
-10
ccereal
7:08 Loom
8:54 Feudal Age
9:52 Double-Bit Axe
14:30 Forging
16:34 Scale Barding Armor
18:17 Bloodlines
21:33 Wheelbarrow
25:59 Castle Age
25:28 Horse Collar
27:02 Chain Barding Armor
27:17 Iron Casting
27:11 Husbandry
28:09 Light Cavalry
29:22 Bow Saw
33:37 Gold Mining
53:43 Imperial Age
Flybidi
5:45 Loom
8:23 Feudal Age
13:04 Fletching
15:03 Double-Bit Axe
15:19 Horse Collar
23:28 Castle Age
22:52 Gold Mining
22:53 Stone Mining
24:07 Bodkin Arrow
24:19 Padded Archer Armor
23:42 Crossbowman
25:07 Wheelbarrow
24:43 Bow Saw
25:02 Padded Archer Armor
25:51 Ballistics
26:00 Heavy Plow
27:41 Thumb Ring
28:41 Hand Cart
38:56 Imperial Age
38:02 Leather Archer Armor
39:38 Bracer
40:48 Arbalester
45:11 Scale Barding Armor
45:36 Ring Archer Armor
45:19 Caravan
46:05 Bloodlines
46:20 Husbandry
52:21 Chain Barding Armor
ForeverNoob
8:49 Feudal Age
9:38 Double-Bit Axe
10:15 Horse Collar
15:14 Loom
18:40 Wheelbarrow
22:15 Castle Age
22:11 Bloodlines
21:57 Gold Mining
22:15 Stone Mining
23:22 Husbandry
23:28 Scale Barding Armor
25:22 Fletching
28:03 Bow Saw
29:43 Bodkin Arrow
31:57 Ballistics
32:18 Padded Archer Armor
34:05 Leather Archer Armor
33:59 Thumb Ring
39:43 Imperial Age
41:24 Hand Cart
40:49 Elite Skirmisher
41:34 Bracer
42:43 Chemistry
41:45 Town Watch
45:06 Parthian Tactics
45:18 Conscription
45:09 Elite Mangudai
46:36 Gold Shaft Mining
46:39 Stone Shaft Mining
50:52 Caravan
52:18 Coinage
51:56 Capped Ram
52:25 Light Cavalry
53:26 Chain Barding Armor
53:17 Forging
53:11 Heavy Plow
53:48 Drill
53:36 Siege Ram
Muzio
6:36 Loom
8:50 Feudal Age
9:20 Double-Bit Axe
9:19 Horse Collar
11:33 Bloodlines
14:46 Scale Barding Armor
16:08 Forging
25:01 Castle Age
25:04 Light Cavalry
26:19 Chain Barding Armor
26:22 Husbandry
35:34 Wheelbarrow
34:45 Town Watch
35:09 Town Watch
35:50 Gold Mining
36:22 Vendel Legacy
45:40 Hand Cart
47:27 Caravan
51:43 Imperial Age
51:48 Cavalier
53:04 Plate Barding Armor
52:55 Conscription
54:50 Iron Casting
Connection lost

Rejoining the realm…

Still unreachable

The connection could not be restored.

Session expired

The server has moved on; the page needs a fresh start.